 Dungeon Crawl Stone Soup version 0.29-a0-563-g64e4043184 (webtiles) character file.

Game seed: 15400303723933279645

7 xian the Skirmisher (level 1, 0/19 HPs)
             Began as a Palentonga Fighter on June 11, 2022.
             Slain by a quokka (2 damage)
             ... on level 1 of the Dungeon.
             The game lasted 00:00:32 (180 turns).

xian the Skirmisher (Palentonga Fighter)             Turns: 180, Time: 00:00:33

Health: 0/19       AC:  6    Str: 19    XL:     1   Next: 91%
Magic:  1/1        EV:  7    Int:  8    God:
Gold:   0          SH:  4    Dex:  9    Spells: 0/0 levels left

rFire   . . .      SeeInvis +   a - +0 long sword
rCold   . . .      Faith    .   c - +0 buckler
rNeg    . . .      Spirit   .   b - +0 scale mail
rPois   .          Reflect  .   (no helmet)
rElec   .          Harm     .   (no cloak)
rCorr   .          Rampage  .   (no gloves)
Will    .....                   (no barding)
Stlth   ..........              (no amulet)
HPRegen 0.06/turn               (no ring)
MPRegen 0.07/turn               (no ring)

@: no status effects
A: large, rugged brown scales 3, see invisible, deformed body, roll 1, armoured
tail
a: Rolling Charge


You were on level 1 of the Dungeon.
You visited 1 branch of the dungeon, and saw 1 of its levels.

Inventory:

Hand Weapons
 a - a +0 long sword (weapon)
Armour
 b - a +0 scale mail (worn)
 c - a +0 buckler (worn)
Potions
 d - a potion of might
 e - 2 potions of flight {unknown}


   Skills:
 + Level 3.1 Fighting
 + Level 2.1 Long Blades
 + Level 2.5 Armour
 + Level 2.8 Shields


You couldn't memorise any spells.
You didn't know any spells.
Your spell library was empty.

Dungeon Overview and Level Annotations

Branches:
Dungeon (1/15)

Altars:


Innate Abilities, Weirdness & Mutations

You are completely covered in rugged brown scales. (AC +3, +7% HP)
You have supernaturally acute eyesight. (SInv)
Armour fits poorly on your strangely shaped body.
You can roll at nearby foes to attack.
You have a long armoured tail.


Message History

The goblin is severely wounded.
The endoplasm quivers.
A ball python comes into view.
The goblin hits you but does no damage.
You hit the goblin.
The goblin is almost dead.
The goblin hits you but does no damage.
The endoplasm hits you but does no damage.
You hit the goblin but do no damage. You tail-slap the goblin.
You kill the goblin!
The endoplasm freezes you.
You are frozen.
The endoplasm hits you but does no damage.
You roll forward with a clatter of scales!
You slice the ball python!!
You kill the ball python!
You roll forward with a clatter of scales!
You closely miss the frilled lizard. You block the endoplasm's attack.
The frilled lizard bites you but does no damage.
The quokka closely misses you.
You miss the frilled lizard. The endoplasm freezes you.
You are frozen.
The frilled lizard barely misses you. The quokka bites you. x2
The frilled lizard bites you but does no damage.
The endoplasm freezes you.
You are frozen.
You hit the frilled lizard.
The frilled lizard is heavily wounded.
The quokka bites you.
* * * LOW HITPOINT WARNING * * *
The endoplasm barely misses you. The frilled lizard closely misses you.
You miss the frilled lizard.
The frilled lizard is heavily wounded.
The quokka closely misses you. The endoplasm freezes you.
You are frozen.
* * * LOW HITPOINT WARNING * * *
The frilled lizard bites you but does no damage.
The quokka bites you.
You die...

.^..##..+ + ........##
# ## ##....## ## #..
#...#..## ##. #..
#.#..##..## ##..
###..####.####..####...
..........# ##..##....
...##rlJ### ##..##...
#.@.# ##..##.. #...#
#...##.
#...##########...##
......#..........#.##
#.###...#.#######....##
#...# #.#..## ...##
#...>.. .#..# ####.##
#.#.. #.#


You could see an endoplasm, a quokka and a frilled lizard.

Vanquished Creatures
  A goblin (D:1)
  A quokka (D:1)
  A ball python (D:1)
  A frilled lizard (D:1)
  A kobold (D:1)
  4 rats (D:1)
9 creatures vanquished.

Notes
Turn   | Place    | Note
-------+----------+-------------------------------------------
     0 | D:1      | xian the Palentonga Fighter began the quest for the Orb.
     0 | D:1      | Reached XP level 1. HP: 19/19 MP: 1/1
   180 | D:1      | Slain by a quokka

Illustrated notes

Levels and vault maps discovered:
D:1:      elethiomel_arrival_diamonds, layout_basic, serial_glass,
          glass_columns_b, glass_columns_a, minmay_misc_feat_tiny

Action                   || total
-------------------------++-------
Melee: Long sword        ||    24
       Tailslap          ||     1
 Abil: Rolling Charge    ||     6
Armor: Scale mail        ||    18
Dodge: Dodged            ||     7
Block: Buckler           ||     6

Table legend: (Time is in decaauts)
 A = Elapsed time spent in this place.
 B = Non-inter-level travel time spent in this place.
 C = Inter-level travel time spent in this place.
 D = Time resting spent in this place.
 E = Time spent auto-exploring this place.
 F = Levels seen in this place.
 G = Mean time per level.
                   A        B        C        D        E       F      G
               +--------+--------+--------+--------+--------+-----+--------+
         Total |    187 |    187 |      0 |      0 |    140 |   1 |  187.0 |
       Dungeon |    187 |    187 |      0 |      0 |    140 |   1 |  187.0 |
               +--------+--------+--------+--------+--------+-----+--------+

Top non-repeatable levels by time:
     D:1: 187 daAuts
